 Dungeon Crawl Stone Soup version 0.27-a0-1586-gd5c625afe7 (webtiles) character file.

Game seed: 6613057455009362395

109960 Lemonice the Severer (level 17, -11/135 HPs)
             Began as a Formicid Abyssal Knight on July 18, 2021.
             Was a High Priest of Lugonu.
             Mangled by a spriggan berserker (33 damage)
             ... on level 2 of the Swamp.
             The game lasted 01:22:29 (23000 turns).

Lemonice the Severer (Formicid Abyssal Knight)     Turns: 23000, Time: 01:22:30

Health: -11/135    AC: 26    Str: 21    XL:     17   Next: 8%
Magic:  27/27      EV: 15    Int: 15    God:    Lugonu [*****.]
Gold:   1556       SH: 17    Dex: 16    Spells: 16/16 levels left

rFire    + . .     SeeInvis +   i - +3 battleaxe (drain)
rCold    . . .     Faith    .   A - +4 kite shield
rNeg     . . .     Spirit   .   T - +6 scale mail "Xuog" {rElec rCorr}
rPois    .         Reflect  .   (helmet unavailable)
rElec    +         Harm     .   y - +2 cloak
rCorr    +         Rampage  .   M - +2 pair of gloves
Will     +....                  V - +2 pair of boots
Stlth    +.........             c - amulet of regeneration
HPRegen  1.32/turn              Z - ring of protection from fire
MPRegen  0.20/turn              F - ring "Olousteo" {Dex+6 Stlth+}

@: mighty, very slightly contaminated, invisible
A: permanent stasis, dig shafts and tunnels, antennae 3, four strong arms
a: Dig, Shaft Self, Renounce Religion, Depart the Abyss, Bend Space, Banish,
Corrupt, Enter the Abyss


You were on level 2 of the Swamp.
You worshipped Lugonu.
Lugonu was extremely pleased with you.
You visited 5 branches of the dungeon, and saw 26 of its levels.
You visited the Abyss 1 time.
You also visited: Sewer, Bailey and Volcano.

You collected 2286 gold pieces.
You spent 730 gold pieces at shops.

Inventory:

Hand Weapons
 a - a +3 hand axe of flaming
 i - a +3 battleaxe of draining (weapon)
 E - a +0 battleaxe
 I - a +6 halberd
Missiles
 b - a curare-tipped dart
 z - 5 boomerangs of dispersal
 G - 573 stones
 O - 109 boomerangs (quivered)
 Q - 2 throwing nets
Armour
 y - a +2 cloak (worn)
 A - a +4 kite shield (worn)
 M - a +2 pair of gloves (worn)
 T - the +6 scale mail "Xuog" (worn) {rElec rCorr}
   (You found it on level 4 of the Lair of Beasts)

   rElec:     It insulates you from electricity.
   rCorr:     It protects you from acid and corrosion.
 V - a +2 pair of boots (worn)
Jewellery
 c - an amulet of regeneration (around neck)
 h - a +6 ring of intelligence
 s - a ring of wizardry
 x - a ring of protection from fire
 F - the ring "Olousteo" (right hand) {Dex+6 Stlth+}
   (You found it on level 7 of the Dungeon)

   [ring of dexterity]

   Dex:       It affects your dexterity (+6).
   Stlth:     It makes you more stealthy.
 J - a ring of ice
 N - a ring of positive energy
 Z - a ring of protection from fire (left hand)
Wands
 f - a wand of digging (6)
 K - a wand of paralysis (6)
 L - a wand of mindburst (36)
 S - a wand of polymorph (8)
 Y - a wand of iceblast (17)
Scrolls
 e - 3 scrolls of vulnerability
 g - a scroll of silence
 t - 6 scrolls of amnesia
 v - a scroll of brand weapon
 w - 3 scrolls of enchant weapon
 B - 4 scrolls of fog
 C - 2 scrolls of fear
 P - 2 scrolls of identify
 R - 2 scrolls of magic mapping
Potions
 d - 9 potions of mutation
 j - 3 potions of flight
 k - 4 potions of heal wounds
 l - a potion of attraction
 n - 8 potions of curing
 o - 2 potions of might
 p - a potion of ambrosia
 q - 5 potions of lignification
 r - 2 potions of brilliance
 u - 8 potions of resistance
 H - 2 potions of cancellation
Miscellaneous
 X - a phantom mirror


   Skills:
 + Level 12.7 Fighting
 * Level 15.3 Axes
 + Level 12.4 Armour
 + Level 10.5 Dodging
 - Level 12.0 Shields
 + Level 13.3 Invocations


You had 16 spell levels left.
You didn't know any spells.
Your spell library contained the following spells:

 Spells                   Type           Power      Damage    Failure   Level
 Animate Skeleton         Necr           0%         N/A       50%         1
 Freeze                   Ice            0%         1d3       50%         1
 Pain                     Necr           0%         1d4       50%         1
 Corpse Rot               Necr/Air       N/A        N/A       65%         2
 Slow                     Hex            0%         N/A       65%         2
 Static Discharge         Conj/Air       0%         N/A       65%         2
 Confusing Touch          Hex            0%         N/A       86%         3
 Conjure Flame            Conj/Fire      0%         6-21      86%         3
 Dazzling Flash           Conj/Hex       0%         N/A       86%         3
 Frozen Ramparts          Ice            0%         1d2       86%         3
 Gell's Gravitas          Tloc           0%         N/A       86%         3
 Ignite Poison            Fire/Tmut/Pois 0%         N/A       86%         3
 Lesser Beckoning         Tloc           0%         N/A       86%         3
 Teleport Other           Tloc           0%         N/A       86%         3
 Vampiric Draining        Necr           0%         2d6       86%         3
 Dispel Undead            Necr           0%         3d6       99%         4
 Hailstorm                Conj/Ice       0%         3d3       99%         4
 Ice Form                 Ice/Tmut       0%         N/A       99%         4
 Sticky Flame             Conj/Fire      0%         2d3       99%         4
 Agony                    Necr           0%         N/A       100%        5
 Lightning Bolt           Conj/Air       0%         1d11      100%        5
 Silence                  Hex/Air        0%         N/A       100%        5
 Death Channel            Necr           0%         N/A       100%        6
 Simulacrum               Ice/Necr       0%         N/A       100%        6
 Maxwell's Capacitive Co  Air            0%         ∞         100%        8


Dungeon Overview and Level Annotations

Branches:
Dungeon (15/15)            Temple (0/1) D:7            Lair (6/6) D:8
  Swamp (1/4) Lair:2       Spider (0/4) Lair:4        Slime (0/5) Lair:6
    Orc (2/2) D:10            Elf (0/3) Orc:2        Vaults (0/5) D:14
 Depths (1/5) D:15          Sewer (visited)          Bailey (visited)
Volcano (visited)

Altars:
Ashenzari
Cheibriados
Fedhas
Makhleb
Nemelex Xobeh
Okawaru
Ru
Sif Muna
Yredelemnul
The Shining One
Beogh

Shops:
Orc:1 ?   Orc:2 *?:*

Annotations:
Swamp:2 3 runed translucent doors, Tutankhamun's ghost, adept TrCK; generaletaddeo's ghost, adept TeAE
Abyss:1 Nessos


Innate Abilities, Weirdness & Mutations

You cannot be hasted, slowed, berserked, paralysed or teleported.
You can dig through walls and to a lower floor.
You have a pair of large antennae on your head. (SInv)
Your four strong arms can wield two-handed weapons with a shield.


Message History

The spriggan berserker splashes around in the water.
You barely miss the spriggan berserker.
You hit the polar bear but do no damage.
You block the polar bear's attack. x2; The polar bear claws you.
* * * LOW HITPOINT WARNING * * *
The spriggan berserker hits you with a +0 broad axe.
* * * LOW HITPOINT WARNING * * *
The spriggan rider barely misses you.
Roots burst forth from the earth!
The grasping roots grab you!
* * * LOW HITPOINT WARNING * * *
The grasping roots constrict you. The polar bear barely misses you.
You block the polar bear's attack. The polar bear misses you.
Unknown command.
You escape the roots' grasp.
You block the spriggan rider's attack.
The spriggan berserker hits you with a +0 broad axe!
* * * LOW HITPOINT WARNING * * *
You feel much better.
You block the spriggan berserker's attack.
You block the spriggan rider's attack.
A ghoul comes into view.
You fade into invisibility!
You block the spriggan berserker's attack.
You block the spriggan rider's attack.
You block the spriggan berserker's attack.
You are very lightly contaminated with residual magic.
You feel very mighty all of a sudden.
The spriggan berserker hits you with a +0 broad axe!
* * * LOW HITPOINT WARNING * * *
You block the spriggan rider's attack.
You open the spriggan berserker like a pillowcase!!!
You drain the spriggan berserker!
The spriggan berserker is severely wounded.
You block the spriggan berserker's attack.
You block the spriggan rider's attack.
The spriggan berserker hits you with a +0 broad axe!
* * * LOW HITPOINT WARNING * * *
You miss the spriggan berserker.
The spriggan berserker is severely wounded.
The spriggan berserker hits you with a +0 broad axe!!
You die...

##?♣⌠♣.## ♣♣##8.....8##
♣♣.#........=#
♣.≈#♣.......♣#
♣.≈#{.......⌠#{ ♣♣
♣.≈#♣W......♣ ♣♣♣.
♣♣@####+++####≈≈ .♣. ♣♣≈.≈
♣.ihD.......○≈≈
♣≈≈≈..♣.≈..♣♣♣♣♣i..≈..≈≈≈≈≈≈
♣≈..≈.♣...♣.♣♣♣♣f.≈n..≈≈≈≈§≈
♣♣..≈.≈≈≈..○°○☼≈≈.≈≈.≈.≈≈≈≈≈
♣≈..♣.≈≈≈..≈☼☼##♣#♣♣♣...♣♣♣♣
♣♣≈≈.≈≈≈...○○☼# ...♣
♣♣.....≈.≈....≈♣ .#...
♣≈...≈≈.≈...≈..♣ #.#♣♣


You could see a ghoul, a shambling mangrove, a swamp dragon (drained), a
spriggan rider, a spriggan berserker (berserk, regenerating, strong-willed,
drained) and a polar bear (summoned, berserk).

Vanquished Creatures
  Jorgrun (D:12)
  Agnes (D:15)
  A fenstrider witch (Swamp:2)
  An azure jelly (Lair:6)
  A ghoul (Swamp:2)
  A stone giant (Depths:1)
  2 bunyips (Swamp:2)
  A fire dragon (Lair:6)
  An eleionoma (Swamp:2)
  An ettin (D:15)
  3 great orbs of eyes (Lair:6)
  A shambling mangrove (Swamp:2)
  9 hydras
  A rakshasa (D:14)
  Erolcha (Orc:1)
  An ogre mage (Volcano)
  A boulder beetle (D:13)
  A catoblepas (D:15)
  10 two-headed ogres
  2 centaur warriors
  A tengu warrior (D:15)
  4 skeletal warriors (D:13)
  A fire crab (Lair:6)
  A goliath frog (Swamp:2)
  A phantasmal warrior (D:13)
  9 orc knights
  A necromancer (D:15)
  A wolf spider zombie (D:15)
  A deep elf zephyrmancer (D:15)
  2 wizards (D:15)
  8 ugly things
  3 deep elf pyromancers
  A salamander (shapeshifter) (D:13)
  3 orc sorcerers (Orc:1)
  3 manticores
  3 cyclopes
  3 elephants (Lair:6)
  3 molten gargoyles
  3 black mambas
  14 cane toads
  Maggie (D:7)
  An unseen horror (D:11)
  2 rime drakes
  A centaur skeleton (D:15)
  An efreet (D:15)
  7 komodo dragons
  5 trolls
  A troll (shapeshifter) (D:15)
  2 meliai (D:13)
  5 polar bears
  A hornet (D:8)
  7 blink frogs
  A tyrant leech (Swamp:2)
  A hornet (shapeshifter) (D:11)
  5 slime creatures (Lair:6)
  A blink frog (shapeshifter) (D:13)
  A meliai zombie (D:15)
  6 dream sheep
  A centaur simulacrum (D:15)
  26 yaks
  2 shadows
  8 wyverns
  3 wraiths
  6 basilisks
  A steam dragon (Lair:6)
  5 wargs (Orc:2)
  A swamp worm (Swamp:2)
  2 acid dragons
  18 water moccasins
  3 hell hounds (Lair:6)
  Purgy (Sewer)
  5 black bears
  34 orc warriors
  An ice beast (D:7)
  3 sky beasts (D:7)
  4 boggarts (Lair:6)
  2 ogres (Orc:2)
  2 necrophages
  15 wolves
  12 centaurs
  3 kobold brigands
  8 bullfrogs
  2 scorpions
  3 water moccasin zombies
  7 killer bees
  5 wights
  2 howler monkeys
  5 centaur zombies
  5 lava snakes (Lair:6)
  A bullfrog zombie (D:6)
  15 jellies
  11 orc priests
  3 hounds (D:4)
  2 gnoll shamans
  Jessica (D:2)
  15 orc wizards
  3 iguanas
  A howler monkey zombie (D:6)
  18 gnolls
  12 adders
  A river rat (D:6)
  A shadow imp (D:5)
  A white imp (D:7)
  A worm (D:3)
  4 dart slugs
  66 orcs
  4 bats
  17 endoplasms
  2 giant cockroaches
  9 goblins
  18 hobgoblins
  12 jackals
  41 kobolds
  2 quokkas
  12 ball pythons
  6 frilled lizards
  3 rats
  A fire vortex (Lair:4)
634 creatures vanquished.

Vanquished Creatures (others)
  An unseen horror (D:11)
  A bush (D:8)
  35 fungi
  31 plants
  12 toadstools (D:2)
80 creatures vanquished.

Grand Total: 714 creatures vanquished

Notes
Turn   | Place    | Note
-------+----------+-------------------------------------------
     0 | Abyss:1  | Lemonice the Formicid Abyssal Knight began the quest for
                  | the Orb.
     0 | Abyss:1  | Reached XP level 1. HP: 18/18 MP: 2/2
    25 | Abyss:1  | Noticed an ancient zyme
    26 | D:1      | Escaped the Abyss
   297 | D:1      | Reached skill level 1 in Dodging
   313 | D:1      | Reached XP level 2. HP: 24/24 MP: 3/3
   401 | D:1      | Reached * piety under Lugonu
   507 | D:1      | Found a faded altar of an unknown god.
   536 | D:1      | Reached XP level 3. HP: 24/29 MP: 4/4
   982 | D:2      | Reached XP level 4. HP: 35/37 MP: 6/6
  1411 | D:2      | Reached ** piety under Lugonu
  1436 | D:2      | Reached XP level 5. HP: 42/42 MP: 7/7
  1484 | D:1      | Reached skill level 3 in Axes
  1717 | D:2      | Noticed Jessica
  1724 | D:2      | Killed Jessica
  1725 | D:2      | Reached XP level 6. HP: 38/48 MP: 8/8
  2918 | D:4      | Found a blossoming altar of Fedhas.
  3403 | D:5      | Entered Level 5 of the Dungeon
  3412 | D:5      | Reached *** piety under Lugonu
  3505 | D:5      | Reached XP level 7. HP: 51/55 MP: 10/10
  3873 | D:5      | Reached skill level 5 in Fighting
  3936 | D:5      | Found a snail-covered altar of Cheibriados.
  4154 | D:6      | Reached skill level 4 in Axes
  4175 | D:6      | Reached skill level 1 in Shields
  4175 | D:6      | Reached XP level 8. HP: 62/62 MP: 11/11
  4224 | D:6      | Found a burning altar of Makhleb.
  4226 | D:6      | Found a basalt altar of Yredelemnul.
  4240 | D:6      | Reached skill level 5 in Invocations
  4240 | D:6      | Found a shimmering blue altar of Sif Muna.
  4241 | D:6      | Found a glowing golden altar of the Shining One.
  4242 | D:6      | Found a sparkling altar of Nemelex Xobeh.
  4307 | D:6      | Found an iron altar of Okawaru.
  4340 | D:6      | Found a glowing drain.
  4377 | Sewer    | Entered a sewer
  4397 | Sewer    | Noticed Purgy
  4426 | Sewer    | Killed Purgy
  4592 | D:6      | Reached skill level 5 in Axes
  4743 | D:6      | Noticed a hornet
  4744 | D:6      | Banished a hornet
  4745 | D:6      | Reached skill level 5 in Armour
  4745 | D:6      | Reached XP level 9. HP: 56/69 MP: 8/13
  5119 | D:7      | Reached skill level 5 in Shields
  5181 | D:7      | Identified the ring "Olousteo" {Dex+6 Stlth+}
  5202 | D:7      | Noticed Maggie
  5228 | D:7      | Killed Maggie
  5229 | D:7      | Reached skill level 6 in Axes
  5451 | D:7      | Found a staircase to the Ecumenical Temple.
  5496 | D:7      | Reached **** piety under Lugonu
  5497 | D:7      | Reached XP level 10. HP: 77/77 MP: 14/14
  5826 | D:8      | Reached skill level 7 in Axes
  5906 | D:7      | Reached skill level 5 in Dodging
  6015 | D:8      | Found a staircase to the Lair.
  6375 | D:8      | Reached XP level 11. HP: 80/84 MP: 16/16
  6539 | D:7      | Reached skill level 8 in Axes
  6673 | D:8      | Reached ***** piety under Lugonu
  7056 | D:9      | Noticed a two-headed ogre
  7064 | D:9      | Killed a two-headed ogre
  7670 | D:10     | Entered Level 10 of the Dungeon
  7757 | D:10     | Found a staircase to the Orcish Mines.
  8377 | D:11     | Found a sacrificial altar of Ru.
  8786 | D:11     | Reached skill level 9 in Axes
  9079 | D:12     | Noticed a two-headed ogre
  9219 | D:12     | Identified the +2 helmet "Kiqan" {rC+ MP-9 Str+4 Stlth+}
  9256 | D:12     | Noticed a cyclops
  9257 | D:12     | Banished a cyclops
  9299 | D:12     | You fall into a shaft and drop 3 floors!
  9299 | D:15     | Entered Level 15 of the Dungeon
  9299 | D:15     | Noticed a green ugly thing
  9299 | D:15     | Noticed a green ugly thing
  9299 | D:15     | Noticed a green ugly thing
  9299 | D:15     | Noticed a green ugly thing
  9299 | D:15     | Noticed a catoblepas
  9299 | D:15     | Noticed a brown ugly thing
  9299 | D:15     | Noticed a brown ugly thing
  9299 | D:15     | Noticed a brown ugly thing
  9395 | D:14     | Found a flagged portal.
  9432 | Bailey   | Entered a bailey
  9730 | Bailey   | Reached skill level 10 in Axes
  9730 | Bailey   | Reached skill level 10 in Shields
  9730 | Bailey   | Reached XP level 12. HP: 94/94 MP: 18/18
  9895 | D:13     | Noticed a skeletal warrior
  9895 | D:13     | Noticed a skeletal warrior
  9939 | D:14     | Noticed a rakshasa
  9950 | D:14     | Noticed a two-headed ogre
  9957 | D:14     | Banished a two-headed ogre
  9958 | D:14     | Reached XP level 13. HP: 56/100 MP: 14/19
  9976 | D:13     | Noticed Jorgrun
 10050 | D:14     | Noticed a vault guard
 10052 | D:14     | Banished a vault guard
 10136 | D:14     | Found a gate to the Vaults.
 10766 | D:12     | Found a broken altar of Ashenzari.
 11281 | Lair:1   | Entered Level 1 of the Lair of Beasts
 11440 | Lair:1   | Noticed an eight-headed hydra
 11445 | Lair:1   | Banished an eight-headed hydra
 11446 | Lair:1   | Reached skill level 11 in Axes
 11817 | Lair:2   | Found a staircase to the Swamp.
 12060 | Lair:2   | Noticed a four-headed hydra
 12096 | Lair:2   | Killed a one-headed hydra
 12097 | Lair:2   | Reached skill level 10 in Invocations
 12828 | Lair:3   | Noticed a five-headed hydra
 12837 | Lair:3   | Killed a one-headed hydra
 12837 | Lair:3   | Noticed a six-headed hydra
 12875 | Lair:3   | Killed a one-headed hydra
 13016 | Lair:3   | Reached XP level 14. HP: 109/109 MP: 21/21
 13338 | Lair:3   | Reached skill level 10 in Fighting
 13684 | Lair:4   | Found a hole to the Spider Nest.
 13720 | Lair:4   | Identified the +6 scale mail "Xuog" {rElec rCorr}
 13744 | Lair:4   | Found a dark tunnel.
 13749 | Volcano  | Entered a volcano
 13802 | Volcano  | Reached skill level 12 in Axes
 14106 | Lair:4   | Reached skill level 10 in Armour
 15413 | Lair:5   | Noticed Nessos
 15414 | Lair:5   | Banished Nessos
 15905 | Lair:6   | Entered Level 6 of the Lair of Beasts
 15947 | Lair:6   | Noticed a rockslime
 15952 | Lair:6   | Banished a rockslime
 16175 | Lair:6   | Reached skill level 13 in Axes
 16184 | Lair:6   | Reached XP level 15. HP: 91/118 MP: 23/23
 16317 | Lair:6   | Found a staircase to the Slime Pits.
 16592 | Lair:6   | Noticed a rockslime
 16593 | Lair:6   | Banished a rockslime
 16655 | Lair:6   | Noticed an azure jelly
 16683 | Lair:6   | Killed an azure jelly
 17166 | Lair:6   | Noticed a rockslime
 17178 | Lair:6   | Banished a rockslime
 17274 | Lair:6   | Found a large runed translucent door.
 17274 | Lair:6   | Found a large runed translucent door.
 17507 | Lair:6   | Noticed a rockslime
 17512 | Lair:6   | Banished a rockslime
 18293 | Orc:1    | Entered Level 1 of the Orcish Mines
 18497 | Orc:1    | Found Zogrouv's Magic Scroll Emporium.
 18538 | Orc:1    | Bought a scroll of identify for 28 gold pieces
 18538 | Orc:1    | Bought a scroll of enchant weapon for 105 gold pieces
 18538 | Orc:1    | Bought a scroll of identify for 28 gold pieces
 18538 | Orc:1    | Bought a scroll of identify for 28 gold pieces
 18538 | Orc:1    | Bought a scroll of holy word for 105 gold pieces
 18538 | Orc:1    | Bought a scroll of identify for 28 gold pieces
 18636 | Orc:1    | Noticed Erolcha
 18656 | Orc:1    | Killed Erolcha
 18739 | Orc:1    | Reached skill level 14 in Axes
 18850 | Orc:2    | Entered Level 2 of the Orcish Mines
 18909 | Orc:2    | Found a staircase to the Elven Halls.
 19448 | Orc:2    | Found Quberon's Magic Scroll Shoppe.
 19448 | Orc:2    | Found Haix's Assorted Antiques.
 19906 | Orc:2    | Found Detynget's Book Shop.
 19912 | Orc:2    | Reached XP level 16. HP: 126/126 MP: 25/25
 19921 | Orc:2    | Found Nehunwurgh's Assorted Antiques.
 19997 | Orc:2    | Bought a glowing battleaxe for 266 gold pieces
 20184 | Orc:2    | Bought a scroll of enchant weapon for 82 gold pieces
 20184 | Orc:2    | Bought a scroll of identify for 22 gold pieces
 20185 | Orc:2    | Bought a scroll of magic mapping for 38 gold pieces
 20453 | D:12     | Killed Jorgrun
 20650 | D:13     | Reached skill level 10 in Dodging
 21483 | D:15     | Noticed Agnes
 21500 | D:15     | Killed Agnes
 21995 | D:15     | Reached skill level 15 in Axes
 22021 | D:15     | Found a staircase to the Depths.
 22330 | Depths:1 | Entered Level 1 of the Depths
 22724 | Swamp:1  | Entered Level 1 of the Swamp
 22732 | Swamp:1  | You fall into a shaft and drop 1 floor!
 22732 | Swamp:2  | Noticed a fenstrider witch
 22743 | Swamp:2  | HP: 6/129 [eleionoma/spray of wooden splinters (37)]
 22748 | Swamp:2  | HP: 3/129 [fenstrider witch (5)]
 22751 | Swamp:2  | Killed a fenstrider witch
 22768 | Swamp:2  | Reached XP level 17. HP: 29/135 MP: 26/26
 22904 | Swamp:2  | Found a runed translucent gate.
 22917 | Swamp:2  | Found a runed translucent gate.
 22930 | Swamp:2  | Found a runed translucent gate.
 22933 | Swamp:2  | Noticed generaletaddeo's ghost (adept TeAE)
 22933 | Swamp:2  | Noticed Tutankhamun's ghost (adept TrCK)
 23000 | Swamp:2  | Mangled by a spriggan berserker

Illustrated notes

Levels and vault maps discovered:
D:1:      erik_arrival_blinker_ship, layout_rooms,
          hellmonk_ecumenical_altar_run_dry, glass_columns_a
D:2:      cheibrodos_fertilizer, layout_loops_corners, chequers_arboretum,
          kennysheep_jessica_study
D:3:      minmay_inner_zag, layout_basic
D:4:      layout_basic, fedhas_altar_4
D:5:      layout_cave_pools, general_overflow_altar, kennysheep_generic_room_12
D:6:      layout_rooms, mainiacjoe_overflow_brackets,
          grunt_temple_overflow_open, portal_sewer_entry_a
D:7:      layout_loops_ring, minmay_temple_entry_glass, st_stairs_9,
          kennysheep_generic_room_4, uniq_maggie
D:8:      layout_basic, minmay_lair_entry_grove
D:9:      layout_loops_ring
D:10:     layout_rooms, david_orc_2
D:11:     layout_irregular_city, nicolae_ru_the_path_less_chosen
D:12:     layout_long_grid, serial_glass, glass_columns_b, glass_columns_a,
          glass_columns_a, glass_columns_b, glass_columns_c, glass_columns_b,
          glass_columns_a, glass_columns_b, nicolae_ashenzari_skybound
D:13:     layout_basic, uniq_jorgrun
D:14:     layout_irregular_city, david_vaults_5, infiniplex_staircase_trident,
          enter_bailey_5
D:15:     grunt_enter_depths_magical_seal, layout_loops_ring, uniq_agnes
Lair:1:   layout_cave_shapes
Lair:2:   layout_regular_city, minmay_swamp_entry_reptiles,
          gammafunk_lair_bear_cave, infiniplex_staircase_pool_2
Lair:3:   layout_regular_city, minivault_25, grunt_megastairs_5
Lair:4:   layout_gridlike, dummy_spider_entry, nicolae_volcano_entry_s_turn,
          serial_bayou_shore_b
Lair:5:   layout_hall_layers, uniq_nessos
Lair:6:   cheibrodos_lair_end_hotspot, layout_long_grid,
          minmay_slime_entry_pillars, special_room [special_room_jelly],
          kilobyte_rumbling_trees
Swamp:1:  layout_falls_marsh, nicolae_swamp_fairy_circle, swamp_pool1,
          uniq_kirke
Swamp:2:  nzn_winding_woodlands_small [nzn_winding_woodlands_5x15_sidewinder,
          nzn_winding_woodlands_center_diamonds,
          nzn_winding_woodlands_5x15_twine], layout_basic_swamp,
          gammafunk_ghost_cemetery, nicolae_swamp_well_well_well, swamp_pool5,
          infiniplex_staircase_pool
Orc:1:    layout_caves, serial_shops, nicolae_shop_statue_plus,
          nicolae_shop_stone, lemuel_statue_altar, uniq_erolcha
Orc:2:    st_orc_town, layout_caves, basic_altar
Depths:1: minmay_shoctagon, layout_gridlike, hangedman_coc_ice_floe,
          elyvilon_altar_1, marbit_kobold_abyss_entry,
          grunt_dithmenos_smoke_and_mirrors

Skill      XL: |  1  2  3  4  5  6  7  8  9 10 11 12 13 14 15 16 |
---------------+-------------------------------------------------+-----
Dodging        | 1 2 3 4 5 6 7 8 9 10 | 10.5
Invocations    | 3 4 5 6 7 9 10 11 12 13 | 13.3
Fighting       | 4 5 6 7 8 9 11 12 | 12.7
Armour         | 3 4 5 6 8 9 10 11 12 | 12.4
Axes           | 3 4 5 6 7 10 11 13 14 15 | 15.3
Shields        | 1 4 6 8 10 11 12 | 12.0

Action                   |  1- 3 |  4- 6 |  7- 9 | 10-12 | 13-15 | 16-18 || total
-------------------------+-------+-------+-------+-------+-------+-------++-------
Melee: Hand axe          |    70 |   213 |   317 |   732 |  1528 |    29 ||  2889
       Battleaxe         |       |       |       |       |    90 |   411 ||   501
Throw: Boomerang         |       |       |       |     5 |    19 |       ||    24
Invok: Depart the Abyss  |     1 |       |       |       |       |       ||     1
       Banish            |       |       |     2 |     6 |    23 |     7 ||    38
       Bend Space        |       |       |       |       |       |     6 ||     6
 Abil: Dig               |       |       |       |       |     5 |       ||     5
Evoke: Wand              |       |    10 |     6 |       |     7 |     9 ||    32
  Use: Scroll            |       |       |    14 |     5 |    15 |     3 ||    37
       Potion            |       |       |     1 |     1 |     4 |    12 ||    18
 Stab: Distracted        |       |       |       |     2 |     1 |       ||     3
       Sleeping          |       |       |       |     4 |     4 |       ||     8
       Invisible         |       |       |       |       |     5 |    14 ||    19
Armor: Leather armour    |    20 |    71 |    97 |       |       |       ||   188
       Acid dragon scale |       |       |    13 |   121 |    78 |       ||   212
       Scale mail        |       |       |       |       |   268 |   244 ||   512
Dodge: Dodged            |    46 |   161 |   176 |   286 |   508 |   205 ||  1382
Block: Kite shield       |       |       |   146 |   457 |   916 |   361 ||  1880

Table legend: (Time is in decaauts)
 A = Elapsed time spent in this place.
 B = Non-inter-level travel time spent in this place.
 C = Inter-level travel time spent in this place.
 D = Time resting spent in this place.
 E = Time spent auto-exploring this place.
 F = Levels seen in this place.
 G = Mean time per level.
                   A        B        C        D        E       F      G
               +--------+--------+--------+--------+--------+-----+--------+
         Total |  22601 |  21416 |   1185 |      0 |  12065 |  30 |  753.4 |
       Dungeon |  13240 |  12398 |    842 |      0 |   7538 |  15 |  882.7 |
          Lair |   6534 |   6227 |    307 |      0 |   3626 |   6 | 1089.0 |
         Swamp |    278 |    278 |      0 |      0 |     90 |   2 |  139.0 |
  Orcish Mines |   1789 |   1755 |     34 |      0 |    638 |   2 |  894.5 |
        Depths |     18 |     18 |      0 |      0 |      0 |   1 |   18.0 |
         Abyss |     26 |     26 |      0 |      0 |      0 |   1 |   26.0 |
         Sewer |    186 |    186 |      0 |      0 |     45 |   1 |  186.0 |
        Bailey |    415 |    415 |      0 |      0 |    126 |   1 |  415.0 |
       Volcano |    112 |    112 |      0 |      0 |      0 |   1 |  112.0 |
               +--------+--------+--------+--------+--------+-----+--------+

Top non-repeatable levels by time:
  Lair:6: 2027 daAuts
   Orc:2: 1235 daAuts
     D:7: 1133 daAuts
    D:14: 1130 daAuts
  Lair:4: 1114 daAuts
    D:12: 1093 daAuts
     D:2: 1060 daAuts
  Lair:3: 1058 daAuts
     D:8: 1043 daAuts
  Lair:2: 1016 daAuts
    D:15: 989 daAuts
    D:11: 928 daAuts
     D:1: 912 daAuts
    D:13: 860 daAuts
  Lair:5: 857 daAuts
